Map: Darkness Sanctuary LE

Players

MaSa - Winner!

  • Race: Terran Terran
  • Spawn Location: 1:00

Lambo

  • Race: Zerg Zerg
  • Spawn Location: 7:00

Event: WCS Austin 2018

VOD

Have the link to the VOD?

Description

Time

  • Played on: June 1, 2018, 9:54 p.m.
  • Length: 9:18

All games in this series

Show
View Real Time Build Order
Export as new Build Order

MaSa Terran - Winner!

Build Orders: Reaper Expand, MMM Bio 

Get SALT Encoding   

  12  0:00  SCV  
  13  0:12  SCV  
  14  0:17  Supply Depot  
  14  0:24  SCV  
  15  0:38  SCV  
  15  0:39  Barracks  
  16  0:46  Refinery  
  16  0:50  SCV  
  17  1:02  SCV  
  18  1:15  SCV  
  19  1:28  Orbital Command, Reaper  
  20  1:39  Command Center  
  20  1:50  Supply Depot  
  20  1:53  SCV  
  21  2:00  Barracks Reactor  
  21  2:05  SCV  
  22  2:17  SCV  
  23  2:23  Command Center  
  23  2:29  SCV  
  24  2:34  Barracks  
  24  2:37  Marine x2  
  24  2:44  SCV  
  27  2:51  Orbital Command  
  27  2:55  Marine x2  
  27  2:56  SCV  
  30  3:07  Factory  
  30  3:09  SCV  
  31  3:13  Marine x2  
  31  3:19  SCV  
  34  3:21  Refinery  
  34  3:22  Barracks Tech Lab  
  34  3:27  SCV  
  34  3:30  Marine  
  34  3:31  Marine  
  34  3:32  Supply Depot  
  34  3:33  SCV  
  38  3:39  Orbital Command, SCV  
  38  3:41  Marine  
  40  3:44  Stimpack  
  40  3:48  Marine  
  40  3:49  Marine  
  40  3:51  SCV  
  43  3:56  Starport  
  43  3:58  Factory Reactor  
  43  3:59  Marine  
  43  4:00  SCV  
  45  4:03  SCV  
  45  4:06  SCV  
  45  4:09  Marine x2  
  49  4:12  SCV  
  49  4:16  SCV  
  51  4:17  Barracks  
  51  4:18  SCV  
  52  4:24  Supply Depot, SCV  
  52  4:27  Engineering Bay  
  53  4:31  Engineering Bay  
  53  4:32  SCV x2  
  53  4:34  Marine  
  53  4:36  Marine  
  53  4:37  Marine  
  58  4:39  SCV  
  59  4:46  Medivac  
  59  4:47  Supply Depot  
  59  4:48  Medivac  
  59  4:49  SCV  
  59  4:52  Refinery, Marine  
  65  4:55  Refinery  
  65  4:56  SCV  
  65  4:57  Marine  
  65  4:58  Marine  
  68  5:00  Factory Tech Lab  
  68  5:01  SCV  
  68  5:03  Orbital Command  
  69  5:07  Terran Infantry Weapons Level 1  
  69  5:09  Barracks Reactor, Supply Depot, SCV  
  70  5:14  Supply Depot  
  70  5:15  SCV  
  71  5:21  Marine x2, SCV  
  71  5:22  Marine  
  71  5:23  Terran Infantry Armor Level 1  
  71  5:27  SCV  
  76  5:29  Supply Depot  
  76  5:31  Supply Depot  
  76  5:32  SCV  
  76  5:35  SCV  
  78  5:38  Siege Tank  
  78  5:39  Marine  
  78  5:40  SCV  
  83  5:46  Marine x2  
  83  5:47  Barracks  
  83  5:49  Combat Shields  
  85  5:55  Barracks  
  85  5:56  SCV x3  
  88  6:02  Marine  
  88  6:03  Marine x2  
  91  6:08  SCV x3  
  91  6:11  Supply Depot  
  94  6:14  Supply Depot  
  94  6:17  Armory  
  94  6:20  Marine, SCV x2  
  94  6:21  SCV  
  94  6:25  Marine x4  
  98  6:26  Medivac  
  98  6:29  Medivac  
  98  6:32  SCV x2  
  105  6:34  SCV  
  105  6:37  Supply Depot  
  103  6:47  Marine x3, SCV  
  103  6:51  SCV  
  103  6:52  SCV  
  103  6:54  Barracks Reactor x2, Marine  
  107  6:55  Siege Tank  
  107  6:56  Medivac  
  107  6:58  Refinery  
  107  6:59  Refinery, Medivac  
  115  7:08  SCV  
  116  7:12  Marine x4  
  116  7:13  Marine  
  121  7:16  Supply Depot, Command Center  
  121  7:18  Supply Depot  
  120  7:24  SCV  
  120  7:30  Marine x5  
  120  7:34  Marine x4  
  129  7:38  Siege Tank  
  129  7:43  Supply Depot  
  132  7:47  Supply Depot  
  132  7:48  Marine x5  
  132  7:50  Barracks  
  135  7:51  Marine x2  
  135  7:52  Marine x2  
  135  7:54  Medivac  
  135  7:55  Medivac  
  143  8:05  Marine  
  143  8:06  Marine x4  
  143  8:10  Marine  
  143  8:11  Marine x2  
  143  8:12  Barracks  
  151  8:13  SCV  
  151  8:14  Barracks  
  151  8:17  Marine, Siege Tank  
  150  8:27  Marine x3  
  150  8:33  Missile Turret  
  150  8:34  Marine x3  
  150  8:39  Medivac x2  
  152  8:53  Marine x2  
  154  8:55  Supply Depot  
  154  8:56  Supply Depot, SCV x2  
  154  8:59  SCV  
Show
View Real Time Build Order
Export as new Build Order

Lambo Zerg 

Build Orders: Hatch First, Muta Ling Bane 

Get SALT Encoding   

  12  0:01  Drone  
  13  0:13  Overlord  
  13  0:17  Drone  
  14  0:31  Drone x2  
  16  0:50  Hatchery  
  16  0:52  Drone  
  16  0:56  Drone  
  17  0:59  Drone  
  18  1:09  Extractor  
  17  1:15  Spawning Pool  
  17  1:17  Drone  
  17  1:20  Drone  
  18  1:29  Drone  
  20  1:40  Drone  
  20  1:50  Overlord  
  20  2:01  Queen x2  
  20  2:02  Zergling x4  
  26  2:09  Metabolic Boost  
  26  2:12  Drone x2  
  28  2:25  Drone x2  
  30  2:37  Hatchery  
  30  2:41  Drone  
  30  2:49  Pneumatized Carapace  
  29  2:52  Drone  
  29  2:53  Overlord  
  30  3:00  Drone  
  30  3:02  Drone x2  
  34  3:05  Drone  
  34  3:11  Drone  
  34  3:12  Drone x3  
  38  3:17  Queen  
  40  3:20  Drone  
  40  3:24  Overlord  
  40  3:26  Drone  
  42  3:28  Drone  
  43  3:41  Queen  
  43  3:44  Drone x2  
  43  3:45  Drone  
  43  3:46  Drone  
  49  3:48  Overlord  
  49  3:49  Drone x2  
  49  3:52  Drone  
  52  3:56  Queen  
  52  3:57  Evolution Chamber  
  52  3:59  Drone x2  
  52  4:01  Overlord  
  55  4:09  Queen  
  57  4:10  Overlord  
  57  4:17  Evolution Chamber  
  57  4:19  Drone  
  57  4:21  Drone x2  
  57  4:22  Overlord  
  57  4:24  Drone x2  
  61  4:29  Drone  
  61  4:30  Drone x2  
  64  4:32  Zerg Ground Armor Level 1  
  64  4:35  Drone x4  
  68  4:39  Queen  
  68  4:43  Zerg Melee Weapons Level 1  
  68  4:44  Extractor  
  68  4:45  Extractor  
  68  4:46  Drone x2  
  68  4:51  Drone x3  
  68  4:52  Queen  
  73  4:56  Overlord, Zergling x2  
  73  4:57  Zergling x2  
  77  5:01  Zergling x6  
  77  5:02  Zergling x2  
  81  5:07  Zergling x2  
  81  5:09  Overlord  
  81  5:10  Extractor  
  81  5:11  Drone  
  81  5:12  Overlord  
  82  5:23  Lair  
  82  5:24  Drone  
  82  5:25  Zergling x14  
  82  5:27  Baneling Nest, Drone  
  82  5:28  Drone x2  
  92  5:30  Queen  
  92  5:33  Extractor  
  93  5:35  Overlord  
  93  5:36  Overlord  
  93  5:40  Drone  
  94  5:47  Drone x3  
  97  5:53  Extractor  
  97  5:54  Overlord  
  97  5:55  Drone x4  
  100  5:58  Drone  
  100  6:00  Zergling x10  
  106  6:08  Zergling x4  
  107  6:21  Zergling x8  
  104  6:26  Centrifical Hooks  
  104  6:28  Spire  
  104  6:30  Hatchery, Zergling x10  
  107  6:38  Zergling x4  
  109  6:42  Hatchery  
  109  6:43  Zergling x8  
  109  6:46  Zergling x6  
  107  6:52  Drone x2  
  107  6:53  Zerg Melee Weapons Level 2, Zerg Ground Armor Level 2  
  108  7:04  Drone  
  108  7:05  Zergling x10  
  108  7:08  Hatchery  
  113  7:10  Zergling x4  
  115  7:16  Drone  
  116  7:23  Zergling x14  
  122  7:32  Zergling x6  
  125  7:37  Baneling x9  
  125  7:38  Baneling  
  125  7:40  Zergling x8  
  129  7:48  Mutalisk x3  
  135  8:01  Overlord  
  135  8:03  Overlord  
  135  8:04  Overlord  
  135  8:07  Overlord  
  135  8:10  Mutalisk  
  135  8:12  Overlord x3  
  134  8:19  Overlord  
  121  8:21  Zergling x12  
  121  8:25  Baneling x12  
  116  8:28  Mutalisk x2  
  116  8:33  Mutalisk  
  118  8:39  Mutalisk  
  118  8:40  Mutalisk  
  121  8:41  Baneling x5  
  121  8:43  Mutalisk  
  118  8:49  Mutalisk x2  
  130  9:16  Hatchery  
Tags
 
Add a new tag
Caveats
  • Supply blocks, unpowered buildings, or Contaminate may cause inaccurate times.
  • Supply counts are checked every 10 seconds.